Map: [ESL] Ghost River

Players

Spatz

  • Race: Protoss Protoss
  • Spawn Location: 11:00

Gerald - Winner!

  • Race: Protoss Protoss
  • Spawn Location: 1:00

Event: ESL SC2 Masters 2024 Spring (Regional)

VOD

Have the link to the VOD?

Description

Time

  • Played on: April 12, 2024, 1:26 p.m.
  • Length: 8:13

All games in this series

Show
View Real Time Build Order
Export as new Build Order

Spatz Protoss 

Build Orders: Phoenix Opening 

Get SALT Encoding   

  12  0:00  Probe (Chrono Boost)  
  13  0:11  Probe (Chrono Boost)  
  14  0:15  Probe (Chrono Boost)  
  15  0:22  Pylon  
  15  0:41  Forge  
  15  1:02  Pylon  
  15  1:03  Probe (Chrono Boost)  
  16  1:07  Gateway  
  16  1:11  Assimilator  
  15  1:16  Probe (Chrono Boost)  
  16  1:21  Probe (Chrono Boost)  
  17  1:26  Assimilator  
  17  1:30  Probe  
  18  1:42  Probe  
  19  1:54  Cybernetics Core  
  19  1:55  Zealot, Probe  
  19  1:58  Pylon  
  22  2:07  Probe  
  23  2:19  Probe  
  24  2:28  Stalker (Chrono Boost)  
  24  2:31  Probe  
  24  2:32  Stargate  
  24  2:36  Pylon  
  27  2:41  Shield Battery  
  27  2:43  Probe  
  28  2:52  Stalker  
  28  2:55  Probe  
  31  3:02  Robotics Facility  
  31  3:15  Phoenix (Chrono Boost)  
  31  3:19  Probe  
  31  3:38  Pylon  
  31  3:40  Probe  
  31  3:56  Phoenix  
  31  4:00  Probe  
  34  4:05  Immortal (Chrono Boost)  
  38  4:12  Probe  
  38  4:14  Pylon  
  39  4:35  Observer  
  39  4:41  Nexus  
  39  4:45  Probe  
  41  4:57  Phoenix, Probe  
  44  5:09  Probe  
  43  5:20  Immortal  
  43  5:21  Probe  
  43  5:33  Probe  
  44  5:36  Pylon, Shield Battery  
  44  5:45  Probe  
  45  5:53  Probe  
  45  5:55  Phoenix  
  48  6:05  Probe  
  48  6:06  Probe  
  48  6:09  Immortal (Chrono Boost)  
  49  6:17  Probe  
  49  6:18  Probe  
  50  6:31  Probe  
  47  6:33  Probe  
  47  6:38  Immortal (Chrono Boost)  
  51  6:43  Probe  
  51  6:45  Phoenix  
  54  6:49  Probe  
  55  6:55  Probe  
  56  7:01  Probe  
  56  7:06  Observer (Chrono Boost)  
  56  7:07  Probe  
  59  7:10  Phoenix  
  59  7:13  Probe  
  62  7:17  Assimilator  
  62  7:19  Assimilator, Probe  
  63  7:25  Probe  
  64  7:30  Nexus  
  64  7:31  Probe  
  64  7:34  Pylon  
  65  7:38  Probe  
  65  7:43  Probe  
  67  7:49  Phoenix (Chrono Boost)  
  67  7:50  Probe  
  73  7:58  Shield Battery  
  73  8:08  Pylon  
Show
View Real Time Build Order
Export as new Build Order

Gerald Protoss - Winner!

Build Orders: Blink Stalkers 

Get SALT Encoding   

  12  0:00  Probe  
  13  0:12  Probe  
  14  0:17  Pylon  
  14  0:24  Probe (Chrono Boost)  
  16  0:37  Probe (Chrono Boost), Gateway  
  16  0:42  Probe (Chrono Boost)  
  16  0:46  Assimilator  
  17  0:52  Probe  
  17  0:56  Assimilator  
  18  1:04  Probe (Chrono Boost)  
  19  1:16  Probe (Chrono Boost)  
  20  1:19  Gateway  
  21  1:26  Forge  
  21  1:28  Probe  
  21  1:40  Cybernetics Core  
  21  1:43  Probe  
  22  1:48  Pylon  
  22  1:55  Probe  
  23  2:04  Pylon  
  23  2:10  Probe  
  24  2:18  Warp Gate, Adept  
  24  2:19  Adept  
  29  2:22  Probe  
  29  2:23  Twilight Council  
  29  2:29  Pylon  
  29  2:39  Probe  
  30  2:47  Stalker  
  30  2:49  Stalker  
  34  2:58  Probe  
  34  2:59  Blink (Chrono Boost)  
  34  3:10  Probe  
  35  3:23  Stalker  
  37  3:33  Nexus  
  35  3:39  Shield Battery  
  35  3:45  Sentry  
  38  3:53  Robotics Facility  
  37  4:01  Shield Battery  
  37  4:02  Probe  
  38  4:12  Pylon  
  38  4:15  Probe  
  39  4:24  Gateway  
  39  4:30  Probe  
  40  4:34  Stalker  
  40  4:36  Observer, Stalker  
  42  4:42  Probe  
  44  4:46  Probe  
  44  4:52  Gateway  
  45  4:54  Observer, Probe  
  45  4:59  Stalker  
  49  5:05  Probe  
  50  5:17  Stalker  
  50  5:20  Probe  
  53  5:25  Adept x2  
  57  5:30  Probe  
  57  5:32  Pylon, Probe  
  59  5:39  Observer  
  59  5:41  Gateway  
  59  5:42  Probe  
  60  5:44  Probe  
  60  5:45  Gateway  
  62  5:50  Charge (Chrono Boost)  
  62  5:54  Probe  
  63  6:09  Immortal  
  67  6:14  Stalker  
  67  6:18  Nexus  
  69  6:19  Pylon  
  69  6:22  Probe  
  62  6:34  Probe  
  62  6:36  Zealot  
  62  6:37  Zealot x3  
  67  6:40  Probe  
  67  6:44  Shield Battery, Gateway  
  67  6:46  Probe  
  69  6:52  Stalker x2  
  73  6:58  Warp Prism (Chrono Boost)  
  73  7:06  Observer, Gateway  
  73  7:08  Pylon  
  75  7:20  Pylon  
  75  7:22  Stalker  
  77  7:24  Probe  
  78  7:33  Zealot x5  
  88  7:44  Probe  
  91  7:46  Forge  
  91  7:57  Zealot x6  
  101  8:01  Zealot  
Tags
 
Add a new tag
Caveats
  • Supply blocks, unpowered buildings, or Contaminate may cause inaccurate times.
  • Supply counts are checked every 10 seconds.